[Event "ICC tourney 2809 (40 10)"]
[Site "Internet Chess Club"]
[Date "2022.01.29"]
[Round "1"]
[White "Renderer, Winslow Scott:BEASTMODE1"]
[Black "ORYE, MATTHEW:GrandWizard"]
[Result "0-1"]
[ICCResult "White checkmated"]
[WhiteElo "1565"]
[BlackElo "1806"]
[Opening "Rousseau gambit"]
[ECO "C50"]
[NIC "IG.03"]
[Time "11:01:37"]
[PlyCount "148"]
[TimeControl "2400+10"]

1. e4 e5 2. Bc4 Nc6 3. Nf3 f5 4. d3 Nf6 5. Bg5 Bb4+ 6. c3 Be7 7. b4 d6 8.
Qe2 fxe4 9. dxe4 Bg4 10. Nbd2 Qd7 11. Bxf6 Bxf6 12. h3 Bh5 13. Qd3 Bxf3 14.
Nxf3 a5 15. b5 Ne7 16. a4 d5 17. Bxd5 Nxd5 18. Qxd5 Qxd5 19. exd5 e4 20. Nd4
Bxd4 21. cxd4 O-O-O 22. Ke2 Rxd5 23. Ke3 Re8 24. Rhc1 Rg5 25. g4 h5 26. Rc5
Rxc5 27. dxc5 Rf8 28. Ra2 Rf3+ 29. Kxe4 Rxh3 30. gxh5 Rxh5 31. Rc2 Kd7 32.
f4 c6 33. Rg2 cxb5 34. Rxg7+ Kc8 35. axb5 Rxc5 36. b6 Rb5 37. Rc7+ Kb8 38.
f5 Rxb6 39. Rc5 Rb4+ 40. Ke5 b6 41. Rc3 Rb1 42. Rf3 Re1+ 43. Kf4 Kc7 44. Kg5
b5 45. f6 Rg1+ 46. Kf5 Rg8 47. f7 Rf8 48. Kg6 Kd6 49. Re3 a4 50. Re8 Rxf7
51. Kxf7 b4 52. Rc8 a3 53. Rc4 a2 54. Rxb4 a1=Q 55. Rf4 Qa7+ 56. Kg6 Ke5 57.
Rf5+ Ke4 58. Rf6 Qg1+ 59. Kf7 Qg5 60. Rg6 Qf5+ 61. Rf6 Qh7+ 62. Ke6 Qg8+ 63.
Ke7 Ke5 64. Rf7 Qg5+ 65. Kf8 Ke6 66. Rf1 Qh6+ 67. Kg8 Qg5+ 68. Kf8 Qe7+ 69.
Kg8 Qb7 70. Kf8 Qa8+ 71. Kg7 Qg2+ 72. Kf8 Qxf1+ 73. Ke8 Qf7+ 74. Kd8 Qd7#
{White checkmated}
0-1

[Event "ICC tourney 2809 (40 10)"]
[Site "Internet Chess Club"]
[Date "2022.01.29"]
[Round "2"]
[White "Manley, Nicholas:NickManley1987"]
[Black "DHURJATI, ANAGHA:amdink"]
[Result "0-1"]
[ICCResult "White resigns"]
[WhiteElo "1270"]
[BlackElo "1463"]
[Opening "Giuoco Piano"]
[ECO "C54"]
[NIC "IG.02"]
[Time "13:16:17"]
[PlyCount "38"]
[TimeControl "2400+10"]

1. e4 e5 2. Nf3 Nc6 3. Bc4 Bc5 4. c3 Nf6 5. d4 exd4 6. cxd4 Bb4+ 7. Bd2 Nxe4
8. Bxb4 Nxb4 9. Bxf7+ Kxf7 10. Qb3+ d5 11. Qxb4 Rf8 12. Ne5+ Kg8 13. O-O Qg5
14. Qb3 c6 15. Nc3 Nd2 16. Qd1 Nxf1 17. Kxf1 Be6 18. Qe2 Rae8 19. Re1 Qf4
{White resigns}
0-1

[Event "ICC tourney 2809 (40 10)"]
[Site "Internet Chess Club"]
[Date "2022.01.29"]
[Round "2"]
[White "Gyorgy, Zalan:z88"]
[Black "JACKSON, MASSIMO MATEO:Yeetamus123"]
[Result "1-0"]
[ICCResult "Black checkmated"]
[WhiteElo "1586"]
[BlackElo "1093"]
[Opening "Sicilian: accelerated fianchetto, Maróczy bind"]
[ECO "B36"]
[NIC "SI.33"]
[Time "13:15:26"]
[PlyCount "99"]
[TimeControl "2400+10"]

1. e4 c5 2. Nf3 Nc6 3. d4 cxd4 4. Nxd4 g6 5. c4 Nf6 6. f3 Bg7 7. Be3 d6 8.
Be2 O-O 9. Nc3 Qb6 10. Qd2 Nxe4 11. Nxc6 Nxd2 12. Nxe7+ Kh8 13. Bxb6 Nxc4
14. Nxc8 Raxc8 15. Bxc4 axb6 16. Bd5 Bxc3+ 17. bxc3 Rxc3 18. O-O Rc7 19.
Rab1 Rc5 20. Bxb7 b5 21. Rfc1 Re5 22. Rb2 Rb8 23. Rc8+ Rxc8 24. Bxc8 Re1+
25. Kf2 Ra1 26. Ba6 b4 27. Bc4 Rc1 28. Bxf7 Kg7 29. Bb3 Rc6 30. Re2 Kh6 31.
Re4 Rb6 32. Re7 Rb8 33. Rd7 Rb6 34. f4 Rc6 35. g4 g5 36. f5 Rc8 37. Rxd6+
Kg7 38. Rd7+ Kh6 39. Ke3 Rc3+ 40. Ke4 Re3+ 41. Kd5 Rxb3 42. Rd6+ Kg7 43.
axb3 Kh8 44. f6 Kg8 45. Ke6 h5 46. f7+ Kg7 47. Rd8 Kg6 48. f8=Q h4 49. Qf7+
Kh6 50. Rh8# {Black checkmated} 1-0

[Event "ICC tourney 2809 (40 10)"]
[Site "Internet Chess Club"]
[Date "2022.01.29"]
[Round "2"]
[White "SHOOR, RAJESH:shoorrk"]
[Black "Saxena, Ansh:Anshs101"]
[Result "0-1"]
[ICCResult "White resigns"]
[WhiteElo "1631"]
[BlackElo "1301"]
[Opening "Queen's pawn, Mason variation"]
[ECO "D00"]
[NIC "QP.08"]
[Time "13:16:06"]
[PlyCount "72"]
[TimeControl "2400+10"]

1. d4 d5 2. Bf4 Nf6 3. Nd2 Bf5 4. e3 e6 5. c4 c5 6. Ngf3 Nc6 7. Qb3 Qb6 8.
Qxb6 axb6 9. cxd5 exd5 10. Bb5 c4 11. Ne5 Bd7 12. Nxd7 Kxd7 13. O-O Bd6 14.
Nf3 Bxf4 15. exf4 Kd6 16. Bxc6 bxc6 17. Ne5 Rhf8 18. f3 Nd7 19. Nxd7 Kxd7
20. Rfe1 Rfe8 21. Re5 f6 22. Rxe8 Rxe8 23. Kf2 Kd6 24. Re1 Rxe1 25. Kxe1 c5
26. dxc5+ Kxc5 27. Kd2 Kd4 28. g4 b5 29. a3 Kc5 30. h4 b4 31. axb4+ Kxb4 32.
Kc2 d4 33. f5 h6 34. f4 d3+ 35. Kc1 Kb3 36. g5 h5 {White resigns} 0-1

[Event "ICC tourney 2809 (40 10)"]
[Site "Internet Chess Club"]
[Date "2022.01.29"]
[Round "2"]
[White "ANNAGELDIYEV, ASHYR:Ashyr"]
[Black "GHOSH, PRARTHAN:playerlucky"]
[Result "1-0"]
[ICCResult "Black resigns"]
[WhiteElo "1712"]
[BlackElo "1863"]
[Opening "French: advance variation"]
[ECO "C02"]
[NIC "FR.03"]
[Time "13:15:26"]
[PlyCount "77"]
[TimeControl "2400+10"]

1. e4 e6 2. d4 d5 3. e5 c5 4. c3 Qb6 5. Nf3 Nc6 6. a3 c4 7. Nbd2 Na5 8. b4
cxb3 9. Rb1 Bd7 10. Nxb3 Ba4 11. Nfd2 Rc8 12. Qc2 Ne7 13. Qb2 Nec6 14. Bd3
Be7 15. O-O O-O 16. Bc2 Nxb3 17. Nxb3 Na5 18. Nxa5 Qxa5 19. Bxa4 Qxa4 20.
Qb3 Qc4 21. Qxc4 Rxc4 22. Rxb7 Bd8 23. Bd2 Bb6 24. g3 h6 25. Rb1 Rfc8 26.
Kf1 Ra4 27. Rb3 Rac4 28. Ke2 Kf8 29. Kd3 Ke8 30. f4 h5 31. h3 g6 32. g4 hxg4
33. hxg4 R4c7 34. Rxc7 Rxc7 35. Rb1 Ke7 36. Rb4 Kd7 37. a4 Ba5 38. Rb5 Bb6
39. a5 {Black resigns} 1-0

[Event "ICC tourney 2809 (40 10)"]
[Site "Internet Chess Club"]
[Date "2022.01.29"]
[Round "2"]
[White "Liao, Connor:che2468"]
[Black "WANG, JACOB S:JACOBCHESS857"]
[Result "1-0"]
[ICCResult "Black resigns"]
[WhiteElo "1511"]
[BlackElo "1385"]
[Opening "Queen's pawn game"]
[ECO "D05"]
[NIC "QP.08"]
[Time "13:15:37"]
[PlyCount "39"]
[TimeControl "2400+10"]

1. d4 d5 2. Nf3 Nf6 3. e3 e6 4. b3 g6 5. Bb2 Bg7 6. Bd3 Nbd7 7. Nbd2 b6 8.
O-O O-O 9. Ne5 Nxe5 10. dxe5 Nd7 11. f4 f6 12. exf6 Bxf6 13. Bxf6 Qxf6 14.
c4 Bb7 15. Nf3 Nc5 16. Ne5 Rad8 17. b4 dxc4 18. bxc5 cxd3 19. Ng4 Qf5 20.
Nh6+ {Black resigns} 1-0

[Event "ICC tourney 2809 (40 10)"]
[Site "Internet Chess Club"]
[Date "2022.01.29"]
[Round "2"]
[White "GINZBURG, LIORA:Liopleuradon15"]
[Black "SZERENCSY, IAN:iszerencsy"]
[Result "0-1"]
[ICCResult "White resigns"]
[WhiteElo "1656"]
[BlackElo "1733"]
[Opening "QGD: 4.Nf3"]
[ECO "D37"]
[NIC "QP.09"]
[Time "13:15:26"]
[PlyCount "74"]
[TimeControl "2400+10"]

1. Nf3 d5 2. d4 Nf6 3. c4 e6 4. Nc3 b6 5. Bg5 Be7 6. e3 Nbd7 7. Bd3 c5 8.
cxd5 Nxd5 9. Nxd5 exd5 10. Bxe7 Qxe7 11. dxc5 bxc5 12. O-O O-O 13. Qc2 Nf6
14. Rfe1 Bb7 15. Nd2 Rac8 16. e4 c4 17. Bf1 Rfe8 18. exd5 Qxe1 19. Rxe1 Rxe1
20. Nf3 Ra1 21. Qa4 Bxd5 22. Qxa7 h6 23. h3 c3 24. bxc3 Bc4 25. Nd2 Bxf1 26.
Nxf1 Re8 27. Qd4 Ree1 28. Qd8+ Kh7 29. Qd3+ g6 30. Qc4 Kg7 31. a4 Ne4 32.
Kh2 h5 33. f3 h4 34. fxe4 Rxf1 35. Qxf1 Rxf1 36. c4 Ra1 37. c5 Rxa4
{White resigns}
0-1

[Event "ICC tourney 2809 (40 10)"]
[Site "Internet Chess Club"]
[Date "2022.01.29"]
[Round "2"]
[White "WAKIDA, KEN:Yamato1945"]
[Black "RAMASWAMY, PUDUR:clair"]
[Result "1-0"]
[ICCResult "Black checkmated"]
[WhiteElo "1617"]
[BlackElo "1764"]
[Opening "Modern defense"]
[ECO "A40"]
[NIC "QO.17"]
[Time "13:16:18"]
[PlyCount "99"]
[TimeControl "2400+10"]

1. d4 g6 2. c4 c5 3. e3 Bg7 4. Nf3 b5 5. cxb5 a6 6. bxa6 d6 7. Bc4 Nf6 8.
dxc5 Qa5+ 9. Bd2 Qxc5 10. Qb3 O-O 11. O-O Bxa6 12. Bxa6 Nxa6 13. Nc3 Rfb8
14. Qc2 Nb4 15. Qb1 Nfd5 16. a3 Bxc3 17. bxc3 Nxc3 18. Bxc3 Nd5 19. Bb2 Nc3
20. Qc2 Na4 21. Qxc5 dxc5 22. Be5 Rb3 23. Rfb1 c4 24. Rxb3 cxb3 25. Nd2 f6
26. Bxf6 exf6 27. Nxb3 Nc3 28. Kf1 Kf7 29. Ke1 Ke6 30. a4 Nxa4 31. Nc5+ Kd5
32. Rxa4 Rb8 33. Nd7 Rb1+ 34. Ke2 Ke6 35. Nf8+ Kf7 36. Nxh7 Rb2+ 37. Kf3 Rb7
38. Rf4 Kg7 39. Nxf6 g5 40. Rf5 Kg6 41. e4 Rb3+ 42. Kg4 Rb4 43. f3 Rb2 44.
Kg3 Rb4 45. Nd5 Rb2 46. Rf6+ Kh5 47. Ne7 Re2 48. Ng8 g4 49. fxg4+ Kg5 50.
h4# {Black checkmated} 1-0

[Event "ICC tourney 2809 (40 10)"]
[Site "Internet Chess Club"]
[Date "2022.01.29"]
[Round "2"]
[White "Doan Giang, Nguyen Doan:Doctorstrange04"]
[Black "DALONZO, JONATHAN:JDD01"]
[Result "1-0"]
[ICCResult "Black resigns"]
[WhiteElo "1773"]
[BlackElo "1649"]
[Opening "Neo-Grünfeld (Kemeri) defense"]
[ECO "D71"]
[NIC "KI.80"]
[Time "13:15:49"]
[PlyCount "77"]
[TimeControl "2400+10"]

1. d4 Nf6 2. c4 g6 3. g3 d5 4. cxd5 Nxd5 5. e4 Nf6 6. Bg2 Bg7 7. Ne2 O-O 8.
O-O Nc6 9. Nbc3 Bg4 10. h3 Bxe2 11. Nxe2 e5 12. d5 Ne7 13. Be3 c6 14. Qb3 b6
15. Rfd1 c5 16. Nc3 Ne8 17. d6 Nc6 18. h4 Nd4 19. Bxd4 cxd4 20. Nd5 Nxd6 21.
Rac1 Nb7 22. Rc7 Nc5 23. Qb5 Qd6 24. Rc6 Qd8 25. h5 Kh8 26. Rc7 Ne6 27. Re7
Bh6 28. hxg6 fxg6 29. Rxe6 Qg5 30. Re7 Rxf2 31. Qd7 Qxg3 32. Rxh7+ Kg8 33.
Ne7+ Kxh7 34. Nf5+ Kh8 35. Nxg3 Be3 36. Kh1 Rf4 37. Bh3 Raf8 38. Qe7 Rh4 39.
Qxh4+ {Black resigns} 1-0

[Event "ICC tourney 2809 (40 10)"]
[Site "Internet Chess Club"]
[Date "2022.01.29"]
[Round "2"]
[White "WIENER, JACK:jackwiener"]
[Black "SHANKAR, AASHRITHA VIDHYA:aashushankar"]
[Result "0-1"]
[ICCResult "White resigns"]
[WhiteElo "1553"]
[BlackElo "1403"]
[Opening "QGD semi-Slav"]
[ECO "D43"]
[NIC "SL.03"]
[Time "13:16:02"]
[PlyCount "138"]
[TimeControl "2400+10"]

1. d4 d5 2. c4 c6 3. Nf3 Nf6 4. Nc3 e6 5. Bg5 Nbd7 6. c5 Be7 7. e3 h6 8. Bh4
g5 9. Bg3 Nh5 10. Bd6 Bxd6 11. cxd6 Nhf6 12. Ne5 Nb6 13. Be2 Qxd6 14. Bh5
Rf8 15. O-O Bd7 16. Qf3 Qe7 17. Rac1 O-O-O 18. b3 Kb8 19. a4 Be8 20. a5 Nbd7
21. Nd3 Rg8 22. Bg4 h5 23. Qg3+ Ka8 24. Bd1 h4 25. Qc7 Rb8 26. Na4 Qd8 27.
Qxd8 Rxd8 28. Nb6+ axb6 29. axb6 Nxb6 30. Ra1+ Kb8 31. h3 Kc7 32. Be2 g4 33.
hxg4 Nxg4 34. Ra7 Ra8 35. Rfa1 Rxa7 36. Rxa7 Bd7 37. Nc5 Bc8 38. Ba6 Kb8 39.
Rxb7+ Bxb7 40. Bxb7 Nf6 41. Bxc6 Kc7 42. Bb5 h3 43. g3 Ng4 44. Nd3 Nd7 45.
Kh1 Ndf6 46. Nf4 Nxf2+ 47. Kg1 h2+ 48. Kxh2 N2g4+ 49. Kg2 Nxe3+ 50. Kf3 Nf5
51. Ne2 Ne4 52. Bd3 Nexg3 53. Bxf5 Nxf5 54. b4 Rb8 55. Kf4 Rxb4 56. Ke5 Kd7
57. Kf6 Nxd4 58. Nf4 Nc6 59. Nd3 Rd4 60. Nc5+ Kd6 61. Nb7+ Kc7 62. Nc5 Rf4+
63. Kg5 Rf5+ 64. Kg4 d4 65. Nd3 Kb6 66. Nf4 Kc5 67. Nd3+ Kc4 68. Nf4 d3 69.
Nxd3 Kxd3 {White resigns} 0-1

[Event "ICC tourney 2809 (40 10)"]
[Site "Internet Chess Club"]
[Date "2022.01.29"]
[Round "2"]
[White "WU, ISAAC MENGYUAN:IsaacMengyuanWu"]
[Black "PU, LANDON:landonp"]
[Result "0-1"]
[ICCResult "White resigns"]
[WhiteElo "1449"]
[BlackElo "1628"]
[Opening "Giuoco Piano"]
[ECO "C54"]
[NIC "IG.02"]
[Time "13:15:53"]
[PlyCount "142"]
[TimeControl "2400+10"]

1. e4 e5 2. Nf3 Nc6 3. Bc4 Bc5 4. c3 Nf6 5. d4 exd4 6. cxd4 Bb4+ 7. Bd2 Nxe4
8. Bxb4 Nxb4 9. Bxf7+ Kxf7 10. Qb3+ d5 11. Qxb4 Rf8 12. O-O Kg8 13. Nc3 c5
14. dxc5 Rxf3 15. Nxe4 Rf4 16. Rad1 Qe8 17. Qb3 Qxe4 18. Rfe1 Qc4 19. Re8+
Rf8 20. Rxf8+ Kxf8 21. Qf3+ Kg8 22. b3 Qe4 23. Qc3 Bf5 24. c6 bxc6 25. Qxc6
Rc8 26. Qb5 Qd3 27. Qxd3 Bxd3 28. f3 Bg6 29. Rxd5 Rc1+ 30. Kf2 Rc2+ 31. Kg3
Rxa2 32. Rd7 Kf8 33. Rb7 Bd3 34. Rb8+ Ke7 35. Rb7+ Kf6 36. Rb4 Bf1 37. Rf4+
Ke7 38. Re4+ Kf7 39. Rf4+ Kg8 40. Rd4 Rxg2+ 41. Kf4 Rxh2 42. Rd8+ Kf7 43.
Rd7+ Kf6 44. Rxa7 Rh4+ 45. Kg3 Rb4 46. Ra3 Be2 47. Kf2 Bd1 48. Ra6+ Ke5 49.
Ra7 Rxb3 50. Rxg7 Rxf3+ 51. Ke1 Bc2 52. Rc7 Bg6 53. Ke2 Rf8 54. Re7+ Kd6 55.
Re3 Bh5+ 56. Kd2 Rf2+ 57. Kc1 Bg4 58. Rg3 h5 59. Kb1 Ke5 60. Kc1 Kf4 61. Rg1
Kf3 62. Rh1 Kg2 63. Re1 Rf1 64. Kd2 Rxe1 65. Kxe1 h4 66. Kd2 h3 67. Ke1 h2
68. Kd2 h1=Q 69. Ke3 Qe1+ 70. Kd4 Bf5 71. Kd5 Qe4+ {White resigns} 0-1

[Event "ICC tourney 2809 (40 10)"]
[Site "Internet Chess Club"]
[Date "2022.01.29"]
[Round "2"]
[White "LEONG, ANSON:CaptainAL13"]
[Black "REDDY, TANVI CHINTHAGUNTA:tcrgm"]
[Result "1/2-1/2"]
[ICCResult "Game drawn by mutual agreement"]
[WhiteElo "1381"]
[BlackElo "1537"]
[Opening "French: Winawer, advance variation"]
[ECO "C16"]
[NIC "FR.09"]
[Time "13:15:36"]
[PlyCount "75"]
[TimeControl "2400+10"]

1. e4 e6 2. d4 d5 3. Nc3 Bb4 4. e5 Ne7 5. a3 Bxc3+ 6. bxc3 O-O 7. Bd3 Nf5 8.
Bxf5 exf5 9. Nf3 Be6 10. O-O Nd7 11. Ng5 Re8 12. Qh5 Nf8 13. a4 b6 14. Ba3
h6 15. Nxe6 fxe6 16. f4 Qd7 17. Bxf8 Rxf8 18. Rf3 Qf7 19. Qh4 Kh7 20. Rg3
Rh8 21. a5 a6 22. axb6 cxb6 23. Rb1 b5 24. Rh3 Kg8 25. g4 fxg4 26. Qxg4 Kh7
27. Rg3 Rhg8 28. Rf1 g6 29. Qh4 Ra7 30. Rh3 h5 31. Kh1 Qf5 32. Rg3 Rf7 33.
Rg2 Qe4 34. Qh3 Rxf4 35. Rxf4 Qxf4 36. Qd3 Qf5 37. Qd1 Rf8 38. Kg1
{Game drawn by mutual agreement}
1/2-1/2

[Event "ICC tourney 2809 (40 10)"]
[Site "Internet Chess Club"]
[Date "2022.01.29"]
[Round "2"]
[White "WU, JONATHAN:qwerty9078"]
[Black "ROMSAK, JASON:ZeroChillz"]
[Result "1-0"]
[ICCResult "Black checkmated"]
[WhiteElo "1750"]
[BlackElo "1601"]
[Opening "Scotch game"]
[ECO "C45"]
[NIC "SO.04"]
[Time "13:15:26"]
[PlyCount "79"]
[TimeControl "2400+10"]

1. e4 e5 2. Nf3 Nc6 3. d4 exd4 4. Nxd4 Nge7 5. Bg5 Nxd4 6. Qxd4 Nc6 7. Qd2
Be7 8. Bf4 d6 9. Nc3 Be6 10. Bb5 a6 11. Ba4 O-O 12. O-O Bf6 13. Bb3 Qd7 14.
Rad1 b5 15. Nd5 Bxb2 16. c3 Ba3 17. Bh6 Bxd5 18. Qg5 f6 19. Qxd5+ Kh8 20.
Bf4 Na5 21. Bc2 Qf7 22. Qd3 Qc4 23. Qh3 Qxa2 24. Bb1 Qg8 25. Rd5 g6 26. Rd3
Nc4 27. Rg3 Rae8 28. e5 f5 29. Bh6 Rf7 30. e6 Rxe6 31. Qh4 Bc5 32. Qf4 Qe8
33. h4 Re1 34. h5 Rxf1+ 35. Kxf1 Qe5 36. Qh4 Re7 37. Kg1 Qe1+ 38. Kh2 Bxf2
39. Qf6+ Kg8 40. Qf8# {Black checkmated} 1-0

[Event "ICC tourney 2809 (40 10)"]
[Site "Internet Chess Club"]
[Date "2022.01.29"]
[Round "2"]
[White "ANGELCHIK, JACOB:t105mm"]
[Black "EKSTROM, ROLAND GABRIEL:EkstromVT2"]
[Result "1-0"]
[ICCResult "Black checkmated"]
[WhiteElo "1216"]
[BlackElo "1426"]
[Opening "Réti: King's Indian attack"]
[ECO "A05"]
[NIC "QP.11"]
[Time "13:15:36"]
[PlyCount "93"]
[TimeControl "2400+10"]

1. Nf3 Nf6 2. g3 g6 3. Bg2 Bg7 4. d3 d6 5. Bg5 Nbd7 6. O-O O-O 7. Re1 a6 8.
e4 h6 9. Bxf6 Bxf6 10. Qd2 Bg7 11. Nc3 b5 12. a3 Bb7 13. d4 c5 14. Rad1 b4
15. axb4 cxb4 16. Nd5 a5 17. Nf4 Nf6 18. e5 dxe5 19. Nxe5 Bxg2 20. Kxg2 Nd7
21. Nexg6 fxg6 22. Ne6 Qb6 23. Nxf8 Rxf8 24. Rxe7 Nf6 25. f3 Nd5 26. Re4 Qc6
27. Rde1 Nf6 28. Re6 Qa8 29. Qd3 Ne8 30. Qb3 a4 31. Qd3 a3 32. bxa3 bxa3 33.
Ra6 Qd5 34. Rxg6 a2 35. Qe3 Qa5 36. Ra1 Nc7 37. Qxh6 Ne6 38. Qe3 Nc7 39. Qe5
Qd2+ 40. Kh3 Ne8 41. Rxa2 Qd1 42. Ra7 Qf1+ 43. Kh4 Rf7 44. Qxe8+ Kh7 45.
Qxf7 Qh3+ 46. Kxh3 Kh8 47. Qxg7# {Black checkmated} 1-0

[Event "ICC tourney 2809 (40 10)"]
[Site "Internet Chess Club"]
[Date "2022.01.29"]
[Round "2"]
[White "SLAGLE, JIM:Jim1108"]
[Black "S.M, UMER:uncrackable"]
[Result "0-1"]
[ICCResult "White resigns"]
[WhiteElo "1664"]
[BlackElo "1794"]
[Opening "Polish (Sokolsky) opening"]
[ECO "A00"]
[NIC "VO.10"]
[Time "13:15:40"]
[PlyCount "104"]
[TimeControl "2400+10"]

1. b4 Nf6 2. Bb2 g6 3. c4 Bg7 4. e3 O-O 5. Nf3 d5 6. cxd5 Nxd5 7. Bxg7 Kxg7
8. Qb3 a5 9. b5 a4 10. Qb2+ f6 11. Nc3 a3 12. Qb3 Nxc3 13. Qxc3 Qd6 14. Be2
c6 15. O-O cxb5 16. Bxb5 Bd7 17. Bxd7 Nxd7 18. d4 Rfc8 19. Qb3 Rab8 20. Rfc1
Rxc1+ 21. Rxc1 b5 22. Nd2 b4 23. Ne4 Qa6 24. Rc4 Rc8 25. Nd2 Rxc4 26. Nxc4
Nb6 27. Nxb6 Qxb6 28. Kf1 Qb5+ 29. Ke1 Qc6 30. Ke2 Qc1 31. Kf3 Qc6+ 32. e4
f5 33. d5 fxe4+ 34. Kxe4 Qd6 35. f4 Kf7 36. g3 e6 37. Kd3 Qxd5+ 38. Kc2 Qg2+
39. Kb1 Qg1+ 40. Kc2 Qxh2+ 41. Kb1 Qd2 42. Qc2 Qe1+ 43. Qc1 Qxc1+ 44. Kxc1
Kf6 45. Kc2 Kf5 46. Kb3 Kg4 47. Kxb4 Kxg3 48. Kxa3 h5 49. Kb4 h4 50. a4 h3
51. a5 h2 52. a6 h1=Q {White resigns} 0-1

[Event "ICC tourney 2809 (40 10)"]
[Site "Internet Chess Club"]
[Date "2022.01.29"]
[Round "2"]
[White "ORYE, MATTHEW:GrandWizard"]
[Black "Zilbermintz, Lev:chessrex"]
[Result "0-1"]
[ICCResult "White checkmated"]
[WhiteElo "1806"]
[BlackElo "1708"]
[Opening "Bishop's opening: Calabrese counter-gambit"]
[ECO "C23"]
[NIC "IG.04"]
[Time "13:15:52"]
[PlyCount "146"]
[TimeControl "2400+10"]

1. e4 e5 2. Bc4 f5 3. Bxg8 Rxg8 4. Qh5+ g6 5. Qxh7 Rg7 6. Qh3 fxe4 7. d3 d5
8. Qg3 Bf5 9. Bh6 Rf7 10. Bxf8 Kxf8 11. Qxe5 Nc6 12. Qh8+ Ke7 13. Qxd8+ Rxd8
14. dxe4 Bxe4 15. f3 Bxc2 16. Na3 Bf5 17. Kd2 Kf8 18. Ne2 d4 19. Ng3 Kg7 20.
Nxf5+ Rxf5 21. Nc2 Ne5 22. b3 c5 23. Na3 a6 24. Nc4 b5 25. Nxe5 Rxe5 26. a4
c4 27. bxc4 bxc4 28. Rhe1 Rde8 29. Rxe5 Rxe5 30. Rb1 d3 31. Kc3 Re2 32. Kxc4
d2 33. Kd3 Rxg2 34. h4 Rh2 35. a5 Rxh4 36. Rb7+ Kh6 37. Kxd2 Ra4 38. Ke3
Rxa5 39. f4 Rb5 40. Ra7 a5 41. Ke4 Rb4+ 42. Kf3 a4 43. Kg4 Rc4 44. Ra6 Kg7
45. Ra7+ Kf6 46. Ra6+ Kf7 47. Ra7+ Ke6 48. Kg5 Rb4 49. Ra6+ Kf7 50. Rf6+ Ke7
51. Kxg6 a3 52. Rf7+ Kd6 53. f5 Ra4 54. Rf6+ Kd7 55. Rf7+ Kd8 56. Rf8+ Ke7
57. Rf7+ Ke8 58. Rb7 a2 59. Rb8+ Kd7 60. Rb7+ Kc8 61. Re7 a1=Q 62. f6 Qg1+
63. Kf7 Ra7 64. Kf8 Qf2 65. Re8+ Kd7 66. f7 Kd6 67. Rd8+ Ke6 68. Re8+ Kd6
69. Rd8+ Rd7 70. Rxd7+ Kxd7 71. Kg8 Ke7 72. Kh8 Kxf7 73. Kh7 Qh4#
{White checkmated}
0-1

[Event "ICC tourney 2809 (40 10)"]
[Site "Internet Chess Club"]
[Date "2022.01.29"]
[Round "2"]
[White "Elkon, Alex N:Sprinless"]
[Black "Feng, Jay:TheDeadlyPawn"]
[Result "1-0"]
[ICCResult "Black checkmated"]
[WhiteElo "1681"]
[BlackElo "1568"]
[Opening "Caro-Kann: advance variation"]
[ECO "B12"]
[NIC "CK.02"]
[Time "13:15:53"]
[PlyCount "83"]
[TimeControl "2400+10"]

1. e4 c6 2. d4 d5 3. e5 c5 4. dxc5 Nc6 5. Bb5 e6 6. Nf3 Bxc5 7. O-O Ne7 8.
Re1 Ng6 9. Bxc6+ bxc6 10. Nbd2 O-O 11. Nb3 Bb6 12. Be3 Qe7 13. Bg5 Qc7 14.
Be3 c5 15. a4 a5 16. Bd2 Rd8 17. Nc1 Bb7 18. Nd3 d4 19. Qe2 c4 20. Nf4 Ba6
21. c3 d3 22. Qd1 Bc5 23. Nxg6 hxg6 24. Be3 Rab8 25. Rb1 Rb6 26. Qd2 Rdb8
27. Ng5 Rb3 28. Bxc5 Qxc5 29. Qf4 Qc7 30. Qh4 Kf8 31. Qh8+ Ke7 32. Qxg7 Rf8
33. Nh7 Rfb8 34. Qf6+ Ke8 35. Qh4 Qe7 36. Nf6+ Kd8 37. Qd4+ Kc8 38. Ne4 R3b6
39. Nd6+ Kc7 40. Qc5+ Kd7 41. Re4 R8b7 42. Qc8# {Black checkmated} 1-0

[Event "ICC tourney 2809 (40 10)"]
[Site "Internet Chess Club"]
[Date "2022.01.29"]
[Round "2"]
[White "YAO, HONGZE:Easonyao"]
[Black "Renderer, Winslow Scott:BEASTMODE1"]
[Result "0-1"]
[ICCResult "White resigns"]
[WhiteElo "1392"]
[BlackElo "1565"]
[Opening "English: Carls' Bremen system"]
[ECO "A22"]
[NIC "EO.10"]
[Time "13:15:57"]
[PlyCount "92"]
[TimeControl "2400+10"]

1. c4 Nf6 2. Nc3 e5 3. g3 Bc5 4. Bg2 c6 5. e4 d6 6. Nge2 h5 7. O-O h4 8. d4
exd4 9. Nxd4 hxg3 10. fxg3 Ng4 11. h3 Ne5 12. Kh2 Bg4 13. Qd2 Qd7 14. Nf5 g6
15. Nh6 Be6 16. b3 Qe7 17. h4 Rxh6 18. Bh3 Rh5 19. Na4 Bxh3 20. Kxh3 Qe6+
21. Kg2 Nbd7 22. Nxc5 Nxc5 23. Qf4 Ned3 24. Qf3 Qxe4 25. Qxe4+ Nxe4 26. Bf4
O-O-O 27. Rad1 Nxf4+ 28. Rxf4 f5 29. Kf3 Nf6 30. Rfd4 Kc7 31. b4 Rhh8 32.
Re1 Rd7 33. Re6 Ng4 34. Kf4 Rg8 35. Kg5 Ne5 36. Kf4 g5+ 37. hxg5 Rxg5 38.
Kxg5 Nf3+ 39. Kf4 Nxd4 40. Re8 Rg7 41. a4 Rg4+ 42. Ke3 Nc2+ 43. Kf3 Rxc4 44.
Re7+ Kb6 45. Rf7 Rxb4 46. Rxf5 Nd4+ {White resigns} 0-1

[Event "ICC tourney 2809 (40 10)"]
[Site "Internet Chess Club"]
[Date "2022.01.29"]
[Round "2"]
[White "BONNELL, LEO W:bonnelleo1"]
[Black "SILVESTRE, ROMULO:visionaryman"]
[Result "1/2-1/2"]
[ICCResult "Game drawn by repetition"]
[WhiteElo "1696"]
[BlackElo "1802"]
[Opening "Neo-Grünfeld, 6.O-O, main line"]
[ECO "D79"]
[NIC "GI.02"]
[Time "13:22:00"]
[PlyCount "76"]
[TimeControl "2400+10"]

1. d4 Nf6 2. Nf3 g6 3. g3 Bg7 4. Bg2 O-O 5. O-O d5 6. c4 c6 7. cxd5 cxd5 8.
Nc3 Nc6 9. a3 a6 10. b4 Ne4 11. Bb2 Bg4 12. e3 Ng5 13. h4 Ne4 14. Qe1 Nd6
15. Nd2 e6 16. Rc1 g5 17. hxg5 Qxg5 18. f4 Qg6 19. Bf3 Bh3 20. Bg2 Bf5 21.
Kf2 Rac8 22. Rh1 Nxd4 23. Nf3 Nxf3 24. Bxf3 Bg4 25. Bxd5 exd5 26. Nxd5 Qe4
27. Bxg7 Kxg7 28. Rxc8 Rxc8 29. Qa1+ f6 30. Qxf6+ Kg8 31. Ne7+ Qxe7 32. Qxe7
Rc2+ 33. Kf1 Rc1+ 34. Kg2 Rc2+ 35. Kg1 Rc1+ 36. Kg2 Rc2+ 37. Kg1 Rc1+ 38.
Kg2 Rc2+ {Game drawn by repetition} 1/2-1/2

[Event "ICC tourney 2809 (40 10)"]
[Site "Internet Chess Club"]
[Date "2022.01.29"]
[Round "2"]
[White "ZHUGE, KATHERINE:FlowingMelody"]
[Black "YUAN, ETHAN:Knighthhhh"]
[Result "0-1"]
[ICCResult "White checkmated"]
[WhiteElo "1410"]
[BlackElo "1260"]
[Opening "Ruy Lopez: Berlin defense, 4.O-O, d6"]
[ECO "C66"]
[NIC "RL.07"]
[Time "13:15:29"]
[PlyCount "168"]
[TimeControl "2400+10"]

1. e4 e5 2. Nf3 Nc6 3. Bb5 Nf6 4. O-O d6 5. Re1 Bg4 6. h3 Bh5 7. c3 a6 8.
Ba4 b5 9. Bc2 Be7 10. d3 O-O 11. Nbd2 Na5 12. Nf1 c5 13. Ng3 Bg6 14. b4 Nc6
15. a3 a5 16. Rb1 axb4 17. axb4 cxb4 18. cxb4 Nh5 19. Nxe5 dxe5 20. Nxh5 Nd4
21. Ng3 Qc7 22. Bb3 Bxb4 23. Bd2 Bxd2 24. Qxd2 Qd7 25. Bd5 Rab8 26. Rec1
Rfc8 27. Ne2 Rxc1+ 28. Rxc1 Qa7 29. Nxd4 Qxd4 30. Qc2 h6 31. Qc6 Qb6 32.
Qxb6 Rxb6 33. Rc6 Rxc6 34. Bxc6 b4 35. Bd5 Bh5 36. g4 Bg6 37. Kf1 Kf8 38.
Ke1 Ke7 39. Kd2 Kd6 40. Ke3 f6 41. d4 Be8 42. Bb3 Bd7 43. f4 g5 44. f5 Bb5
45. d5 Bf1 46. Bd1 Bxh3 47. Kd3 Bf1+ 48. Be2 Bg2 49. Bd1 Bh1 50. Ke3 Bg2 51.
Bb3 Bf1 52. Kd2 Bg2 53. Ke3 Bh3 54. Bd1 b3 55. Kd3 b2 56. Kc2 Bg2 57. Kxb2
Bxe4 58. Kc3 Kxd5 59. Bb3+ Kc5 60. Bd1 Bd5 61. Be2 e4 62. Bf1 e3 63. Kd3 Bf3
64. Kxe3 Bxg4 65. Bd3 Kd5 66. Be4+ Ke5 67. Bb1 Bxf5 68. Ba2 h5 69. Bf7 h4
70. Kf2 Be6 71. Be8 Kf4 72. Kg2 h3+ 73. Kh2 g4 74. Bc6 g3+ 75. Kg1 Bf5 76.
Bb7 Be4 77. Bxe4 Kxe4 78. Kh1 Kf3 79. Kg1 h2+ 80. Kh1 g2+ 81. Kxh2 Kf2 82.
Kh3 g1=Q 83. Kh4 Qg5+ 84. Kh3 Qg3# {White checkmated} 0-1